 Dungeon Crawl Stone Soup version 0.31.0-32-g396128a36d (webtiles) character file.

Game seed: 1849373623442428716

110 safid the Changeling (level 4, -1/35 HPs)
             Began as a Draconian Shapeshifter on Mar 18, 2024.
             Slain by a gnoll
             ... wielding a +0 whip
              (7 damage)
             ... on level 2 of the Dungeon.
             The game lasted 00:02:16 (1727 turns).

safid the Changeling (Draconian Shapeshifter)       Turns: 1727, Time: 00:02:17

Health: -1/35      AC:  5    Str: 18    XL:     4   Next: 61%
Magic:  4/4        EV: 12    Int: 11    God:
Gold:   44         SH:  0    Dex: 10    Spells: 3/3 levels left

rFire   . .          .
                       - Unarmed
rCold   . . .        (no shield)
rNeg    . . .        (body armour unavailable)
rPois   .            (helmet currently unavailable)
rElec   .            (cloak currently unavailable)
rCorr   +            (gloves currently unavailable)
SInv    +            (boots currently unavailable)
Will    .....        (no amulet)
Stlth   +            d - ring of resist corrosion
HPRegen 0.25/turn    f - ring of see invisible
MPRegen 0.09/turn

%: no passive effects
@: beast-form
A: beast (slay +2), AC +5, unfitting armour, cold-blooded
a: Begin Untransformation


You were on level 2 of the Dungeon.
You were a hulking beast.
You visited 1 branch of the dungeon, and saw 3 of its levels.

You collected 44 gold pieces.

Inventory:

Jewellery
 d - a ring of resist corrosion (left hand)
 f - a ring of see invisible (right hand)
Talismans
 b - a beast talisman
 c - a flux talisman
Scrolls
 g - 5 scrolls of identify {unknown}
 j - a scroll of vulnerability {unknown}
 l - 2 scrolls of immolation {unknown}
 m - a scroll of torment {unknown}
 n - a scroll of brand weapon {unknown}
Potions
 a - a potion of lignification
 e - a potion of mutation {unknown}
 h - 2 potions of might {unknown}
 i - a potion of ambrosia {unknown}
 k - 2 potions of curing {unknown}


   Skills:
 + Level 1.5 Fighting
 - Level 2.0 Dodging
 + Level 4.0 Unarmed Combat
 * Level 4.2 Shapeshifting


You had 3 spell levels left.
You didn't know any spells.
Your spell library was empty.

Dungeon Overview and Level Annotations

Branches:
Dungeon (3/15)

Altars:
Yredelemnul


Innate Abilities, Weirdness & Mutations

You are a hulking beast.
Your limbs bulge with bestial killing power. (Slay +2)
Your plain brown scales are hard. (AC +5)
You cannot fit into any form of body armour.
You are cold-blooded and may be slowed by cold attacks.


Message History

There is a stone staircase leading up here.
Done exploring.
Done exploring.
Done exploring.
Done exploring.
Done exploring.
Done exploring.
There is a stone staircase leading down here.
You climb downwards.
The hobgoblin shouts!
The gnoll shouts! x3; The goblin shouts!
There is a stone staircase leading up here.
There are monsters nearby!
The gnoll hits you with a +0 spear. The gnoll barely misses you.
You climb upwards.
There is a stone staircase leading down here.
You closely miss the gnoll. You barely miss the gnoll.
The gnoll hits you with a +0 whip. The gnoll barely misses you.
You hit the gnoll.
The gnoll is lightly wounded.
The gnoll hits you with a +0 whip. The gnoll hits you with a +0 spear.
You punch the gnoll!
The gnoll is severely wounded.
The gnoll hits you but does no damage. The gnoll hits you with a +0 spear.
You hit the gnoll.
You kill the gnoll!
The gnoll hits you with a +0 whip.
* * * LOW HITPOINT WARNING * * *
Your Unarmed Combat skill increases to level 4!
You hit the gnoll.
The gnoll is moderately wounded.
The gnoll hits you with a +0 whip.
* * * LOW HITPOINT WARNING * * *
You barely miss the gnoll.
The gnoll is moderately wounded.
The gnoll misses you.
You barely miss the gnoll.
The gnoll is moderately wounded.
The gnoll hits you with a +0 whip!
You die...

#..........## ##.#####.
##.########.## ##......#.
#.##........###.#####.#.
#.##.#######.#..........
#.##.# ##.....)..... #.##.#
##.######.## #.##.# #.# #.##
#.##.###### #.# #.##
####.##...h).# #.# #...
#........g##.# ##.# ###.
#.##.####.##.# #..# #.
#.##.## #.##.# #.## #.
#.#...# #.##.# #%## #.
##.#.#.###.##.# #..## #.
#..........##.###.#.#######.
#..##.###..##.##.###........
#..##.# #..##.....#.#######.


You could see a gnoll.

Vanquished Creatures
  A gnoll (D:2)
  3 adders (D:2)
  A ribbon worm (D:2)
  5 ball pythons
  7 endoplasms
  4 giant cockroaches
  5 goblins (D:2)
  7 hobgoblins
  6 jackals (D:2)
  6 kobolds
  5 quokkas
  4 bats
  6 frilled lizards
  5 rats
65 creatures vanquished.

Notes
Turn   | Place    | Note
-------+----------+-------------------------------------------
     0 | D:1      | safid the Draconian Shapeshifter began the quest for the
                  | Orb.
     0 | D:1      | Reached XP level 1. HP: 16/16 MP: 1/1
   167 | D:1      | Found a faded altar of an unknown god.
   208 | D:1      | Reached XP level 2. HP: 23/23 MP: 2/2
   882 | D:2      | Reached XP level 3. HP: 11/28 MP: 3/3
  1284 | D:2      | Reached XP level 4. HP: 35/35 MP: 4/4
  1286 | D:2      | Found a basalt altar of Yredelemnul.
  1727 | D:2      | Slain by a gnoll

Illustrated notes

Levels and vault maps discovered:
D:1:      roderic_crop_circles_arrival_small, layout_basic,
          dreamdust_ecumenical_altar_hidden_monk_grotto, minmay_misc_feat_square
D:2:      layout_loops_ring, basic_altar, minmay_mini_jars
D:3:      layout_rooms, cheibriados_altar_1

Skill      XL: |  1  2  3  4 |
---------------+-------------+-----
Shapeshifting  | 4 |  4.2
Dodging        | 2 |  2.0
Unarmed Combat | 4 |  4.0
Fighting       | |  1.5

Action                     |  1- 3 |  4- 6 || total
---------------------------+-------+-------++-------
  Melee: Unarmed           |   106 |    46 ||   152
         Tailslap          |    10 |     2 ||    12
         Punch             |     1 |       ||     1
   Stab: Distracted        |     1 |     1 ||     2
 Armour: Skin              |    57 |    27 ||    84
  Dodge: Dodged            |    63 |    22 ||    85
